Map: Pillars of Gold LE

Players

PattyMac - Winner!

  • Race: Terran Terran
  • League: Grandmaster
  • Spawn Location: 1:00

WaEsOpH

  • Race: Zerg Zerg
  • League: Master
  • Spawn Location: 7:00

VOD

Have the link to the VOD?

Description

Time

  • Played on: Feb. 10, 2021, 1:50 a.m.
  • Length: 7:13
Show
View Real Time Build Order
Export as new Build Order

PattyMac Terran - Winner!

Build Orders: Reaper Expand 

Get SALT Encoding   

  12  0:00  SCV  
  13  0:12  SCV  
  14  0:17  Supply Depot  
  14  0:24  SCV  
  15  0:39  SCV  
  15  0:40  Barracks  
  16  0:44  Refinery  
  16  0:51  SCV  
  17  1:03  SCV  
  18  1:15  SCV  
  19  1:28  Reaper  
  19  1:29  Orbital Command  
  20  1:44  Command Center  
  20  1:52  Supply Depot  
  20  1:58  SCV  
  20  1:59  Marine  
  22  2:08  Factory  
  22  2:12  SCV  
  23  2:21  Refinery, Barracks Reactor  
  23  2:34  Command Center  
  22  2:37  SCV  
  22  2:40  Bunker  
  23  2:49  SCV  
  24  2:52  Hellion  
  24  2:54  Starport  
  24  2:57  Marine  
  27  3:00  Marine  
  28  3:07  Supply Depot  
  28  3:26  Hellion  
  30  3:29  SCV, Hellion  
  30  3:30  Medivac  
  35  3:39  Marine  
  36  3:47  Hellion  
  38  3:50  Hellion  
  40  3:57  Marine  
  40  4:00  SCV  
  42  4:06  Armory, Orbital Command  
  42  4:10  Liberator  
  45  4:20  Hellion  
  47  4:24  Hellion  
  47  4:28  SCV  
  50  4:32  SCV  
  51  4:46  SCV x2, Hellion  
  55  4:58  SCV x2  
  59  5:00  Hellion  
  59  5:03  Liberator  
  58  5:14  Hellion  
  62  5:21  Hellion  
  62  5:25  Barracks Tech Lab  
  61  5:36  Barracks  
  61  5:37  Barracks  
  61  5:45  SCV  
  61  5:47  SCV  
  59  5:54  Hellion x2  
  56  6:01  SCV x2  
  53  6:15  Hellion x2  
  56  6:21  SCV x2  
  58  6:30  Barracks Reactor x2  
  58  6:33  SCV x2  
  58  6:36  Hellion  
  61  6:43  Hellion  
  61  6:46  SCV x2  
  59  6:47  Refinery  
  59  6:48  Refinery  
  59  6:51  Engineering Bay x2  
  57  6:58  SCV x2  
Show
View Real Time Build Order
Export as new Build Order

WaEsOpH Zerg 

Build Orders: Pool First 

Get SALT Encoding   

  12  0:00  Drone  
  13  0:09  Drone  
  14  0:15  Extractor  
  14  0:16  Drone  
  14  0:33  Spawning Pool  
  13  0:36  Drone  
  14  0:43  Extractor, Drone  
  15  0:53  Overlord  
  15  1:20  Zergling x6, Metabolic Boost  
  18  1:41  Hatchery  
  17  1:49  Queen  
  17  1:53  Zergling x2  
  20  1:57  Zergling x2  
  20  2:01  Zergling x2  
  22  2:08  Overlord  
  22  2:26  Queen  
  22  2:27  Drone x2  
  26  2:37  Drone  
  27  2:49  Drone  
  28  2:56  Overlord  
  28  2:58  Drone x3  
  31  3:08  Drone x2  
  33  3:14  Drone  
  34  3:21  Drone  
  35  3:29  Hatchery  
  34  3:36  Queen  
  34  3:39  Drone x2  
  34  3:40  Drone  
  39  3:44  Overlord  
  39  3:48  Drone x2  
  41  3:53  Drone x2  
  43  4:05  Queen  
  43  4:08  Drone x4  
  49  4:13  Overlord  
  49  4:17  Overlord  
  49  4:25  Queen  
  49  4:28  Baneling Nest  
  50  4:32  Zergling x2  
  50  4:33  Zergling x4  
  53  4:43  Zergling x2  
  53  4:44  Zergling x6  
  56  4:51  Overlord  
  56  4:52  Queen  
  58  4:53  Queen  
  60  5:00  Overlord x2  
  60  5:04  Drone x2  
  58  5:08  Zergling x6  
  53  5:14  Baneling  
  53  5:19  Zergling x10  
  58  5:23  Spore Crawler  
  58  5:28  Baneling  
  57  5:35  Overlord x2  
  57  5:39  Queen  
  49  5:50  Zergling x2  
  49  5:51  Zergling x8  
  48  5:58  Zergling x2  
  48  6:03  Queen  
  47  6:04  Zergling x2  
  47  6:08  Drone  
  47  6:15  Queen  
  47  6:16  Zergling x10  
  47  6:21  Baneling  
  47  6:25  Drone  
  46  6:29  Drone x2  
  45  6:35  Zergling x4  
  45  6:39  Drone  
  45  6:45  Drone  
Tags
 
Add a new tag
Caveats
  • Supply blocks, unpowered buildings, or Contaminate may cause inaccurate times.
  • Supply counts are checked every 10 seconds.